 Dungeon Crawl Stone Soup version 0.18.1-1-g2f07953 (webtiles) character file.

23492 Chiseanne the Whirler (level 12, 0/53 HPs)
             Began as a Spriggan Hunter on May 6, 2016.
             Was an Initiate of Gozag.
             Slain by a manticore (20 damage)
             ... on level 14 of the Dungeon.
             The game lasted 01:02:24 (19580 turns).

Chiseanne the Whirler (Spriggan Hunter)            Turns: 19580, Time: 01:02:24

Health: 0/53       AC: 11    Str: 10    XL:     12   Next: 72%
Magic:  13/13      EV: 33    Int: 14    God:    Gozag
Gold:   595        SH: 12    Dex: 22    Spells: 0 memorised, 11 levels left

rFire  + . .     SeeInvis +     d - +2 short sword (venom)
rCold  + . .     Gourm    .     M - +4 troll leather armour "Kyuch" {*Confuse rF+ rN+ MR+ Regen+}
rNeg   + + .     Faith    .     W - +3 buckler {rN+}
rPois  .         Spirit   .     y - +0 hat
rElec  .         Dismiss  .     H - +2 cloak {MR+}
rCorr  .         Reflect  .     (gloves unavailable)
SustAt .         Harm     .     (boots unavailable)
MR     ++++.                    (no amulet)
Stlth  +++.......               Q - ring of protection from cold
                                j - ring of stealth

@: gold aura, very quick, incredibly resistant to hostile enchantments, fairly
stealthy
A: unfitting armour, see invisible, clever 1, herbivore 3, speed 3, slow
metabolism 2, strong 1
a: Potion Petition, Call Merchant, Bribe Branch, Renounce Religion


You were on level 14 of the Dungeon.
You worshipped Gozag.
Gozag was noncommittal.
You were not hungry.

You visited 2 branches of the dungeon, and saw 15 of its levels.

You collected 3093 gold pieces.
You spent 1123 gold pieces at shops.
You paid 1209 gold pieces to Gozag.

Inventory:

Hand Weapons
 a - a +1 whip of electrocution
 d - a +2 short sword of venom (weapon)
 s - a +2 dagger of flaming
 w - a +1 hunting sling
Missiles
 c - 191 bolts
 h - 164 stones (quivered)
 m - 11 throwing nets
 u - 276 arrows
 D - 43 poisoned needles
 J - 13 tomahawks
Armour
 y - a +0 hat (worn)
 H - a +2 cloak of magic resistance (worn)
 M - the +4 troll leather armour "Kyuch" (worn) {*Confuse rF+ rN+ MR+ Regen+}
   (You bought it in a shop on level 8 of the Dungeon)

   It protects you from fire.
   It protects you from negative energy.
   It affects your resistance to hostile enchantments.
   It increases your rate of regeneration.
   It may confuse you when you take damage.
 W - a +3 buckler of positive energy (worn)
Jewellery
 j - a ring of stealth (left hand)
 Q - a ring of protection from cold (right hand)
 X - an uncursed ring of resist corrosion
Wands
 q - a wand of disintegration (0/24)
 T - a wand of iceblast (6/15)
 U - a wand of confusion (26/48)
Scrolls
 l - 4 scrolls of teleportation
 n - 3 scrolls of recharging
 E - a scroll of amnesia
 G - a scroll of silence
 L - a scroll of enchant armour
 O - 3 scrolls of immolation
 P - a scroll of remove curse
 R - a scroll of magic mapping
 V - a scroll of blinking
Potions
 b - a potion of ambrosia
 g - a potion of resistance
 i - a potion of curing
 o - 2 potions of degeneration {unknown}
 p - 2 potions of brilliance
 r - 2 potions of beneficial mutation
 t - 2 potions of lignification
 v - a potion of mutation {unknown}
 x - a potion of heal wounds
 A - a potion of magic
 B - 3 potions of might
 F - a potion of flight
 S - a potion of cure mutation {unknown}
Books
 k - a book of Envenomations

   Spells                             Type                      Level
   a - Spider Form                    Transmutation/Poison         3
   b - Olgreb's Toxic Radiance        Poison                       4
   c - Alistair's Intoxication        Transmutation/Poison         5
   d - Poisonous Cloud                Conjuration/Poison/Air       6
 C - a book of the Sky

   Spells                             Type                      Level
   a - Summon Lightning Spire         Summoning/Air                4
   b - Airstrike                      Air                          4
   c - Silence                        Hexes/Air                    5
   d - Deflect Missiles               Charms/Air                   6
   e - Conjure Ball Lightning         Conjuration/Air              6
   f - Tornado                        Air                          9
 I - a book of the Earth

   Spells                             Type                      Level
   a - Leda's Liquefaction            Hexes/Earth                  4
   b - Bolt of Magma                  Conjuration/Fire/Earth       5
   c - Statue Form                    Transmutation/Earth          6
   d - Iron Shot                      Conjuration/Earth            6
   e - Shatter                        Earth                        9
 K - a book of Minor Magic

   Spells                             Type                      Level
   a - Magic Dart                     Conjuration                  1
   b - Blink                          Translocation                2
   c - Call Imp                       Summoning                    2
   d - Repel Missiles                 Charms/Air                   2
   e - Slow                           Hexes                        2
   f - Conjure Flame                  Conjuration/Fire             3
   g - Mephitic Cloud                 Conjuration/Poison/Air       3
Miscellaneous
 e - a plain deck of wonders {drawn: 2}
Comestibles
 f - 10 bread rations
 z - 9 slices of pizza
 Y - 7 fruits


   Skills:
 - Level 1.5 Fighting
 * Level 17.8 Slings
 - Level 15.5 Dodging
 - Level 1.5 Stealth
 - Level 7.4 Shields


You had 11 spell levels left.
You didn't know any spells.

Dungeon Overview and Level Annotations

Branches:
Dungeon (14/15)            Temple (1/1) D:4            Lair (0/8) D:9
    Orc (0/2) D:9          Vaults (0/5) D:13

Altars:
Ashenzari
Cheibriados
Dithmenos
Elyvilon
Fedhas
Gozag
Kikubaaqudgha
Makhleb
Nemelex Xobeh
Okawaru
Pakellas
Qazlal
Ru
Sif Muna
Trog
Vehumet
Xom
Yredelemnul
Zin
The Shining One

Shops:
D:4 *   D:8 [   D:12 [

Annotations:
D:10 Shenda's ghost, novice DrTm
D:14 exclusion: orange crystal statue


Innate Abilities, Weirdness & Mutations

You are tiny and cannot use many weapons and most armour.
You have supernaturally acute eyesight.
You are a herbivore.
You cover ground extremely quickly.
You need consume almost no food.
Your mind is acute. (Int +2)
Your muscles are strong. (Str +2)


Message History

You block the centaur warrior's attack. You block the manticore's attack. x2
The manticore claws you.
You barely miss the manticore.
The manticore is lightly wounded.
The centaur warrior hits you but does no damage.
You block the manticore's attack. x2; The manticore misses you.
You block the centaur warrior's attack.
You hit the manticore.
The manticore looks even sicker.
The manticore is lightly wounded.
The centaur warrior hits you. The manticore misses you. x2
The manticore completely misses you. The centaur warrior hits you.
You hit the manticore.
The manticore is moderately wounded.
The manticore bites you! The manticore misses you.
You block the manticore's attack. The centaur warrior barely misses you.
You closely miss the centaur warrior.
The centaur warrior is severely wounded.
The centaur warrior hits you. The manticore bites you!!
You die...
Your body crumbles into a pile of gold.

## .. #.
###.### #
##..... ..
...((. .#.
P♣.(###
#...♣Pc.Hc#
♣...<#@# $
..H♣♣..(#(#
#......#.#
#.#............
#..#.........
#.##.........
#. #...(..... #
#.........
...........


You could see a centaur warrior, a manticore and a centaur.

Vanquished Creatures
  Gastronok (D:12)
  A minotaur (shapeshifter) (D:13)
  A hydra (D:12)
  2 centaur warriors (D:13)
  Erica (D:8)
  2 unseen horrors
  2 hill giants
  A cyclops (D:13)
  A manticore (D:12)
  Maurice (D:12)
  A kobold demonologist (D:12)
  A komodo dragon (D:9)
  3 trolls
  A two-headed ogre (D:12)
  A wyvern (D:13)
  A human (D:10)
  A wraith (D:10)
  Grum (D:11)
  A basilisk (D:13)
  5 yaks (D:8)
  4 vampire mosquitoes (D:13)
  2 hungry ghosts
  2 hippogriffs (D:8)
  2 steam dragons (D:12)
  A soldier ant (D:13)
  3 ice beasts (D:7)
  A sky beast (D:12)
  A black bear (D:8)
  3 necrophages
  8 orc warriors
  3 phantoms
  3 wolves
  6 ogres
  7 centaurs
  13 giant frogs
  3 wyvern zombies
  A wyvern skeleton (D:8)
  6 scorpions
  A water moccasin skeleton (D:11)
  11 wights (D:12)
  8 killer bees
  4 howler monkeys
  5 crimson imps
  2 giant frog zombies
  3 quasits
  5 centaur zombies
  6 hounds
  3 jellies
  11 orc priests
  4 centaur skeletons
  19 orc wizards
  2 giant frog skeletons
  Ijyb (D:2)
  6 iguanas
  12 worker ants
  A killer bee zombie (D:6)
  2 hound skeletons
  A hound zombie (D:9)
  4 mummies (D:12)
  A worker ant zombie (D:5)
  14 adders
  11 gnolls
  3 shadow imps
  3 oozes
  2 adder skeletons
  7 worms
  3 dart slugs
  12 giant geckos
  81 orcs
  7 bats
  10 giant cockroaches
  7 goblins
  4 hobgoblins
  18 jackals
  11 kobolds
  6 quokkas
  A ball python (D:3)
  A giant gecko skeleton (D:6)
  A giant gecko zombie (D:5)
  4 giant newts
  A jackal skeleton (D:4)
  A jackal zombie (D:5)
  4 rats
422 creatures vanquished.

Vanquished Creatures (collateral kills)
  Harold (D:11)
1 creature vanquished.

Vanquished Creatures (others)
  A dancing weapon (D:13)
  A naga (D:11)
  A big kobold (D:7)
  A kobold (D:7)
  A plant (D:9)
  A withered plant (D:12)
6 creatures vanquished.

Grand Total: 429 creatures vanquished

Notes
Turn   | Place    | Note
--------------------------------------------------------------
     0 | D:1      | Chiseanne the Spriggan Hunter began the quest for the Orb.
     0 | D:1      | Reached XP level 1. HP: 10/10 MP: 2/2
   209 | D:1      | Reached skill level 5 in Slings
   325 | D:1      | Reached XP level 2. HP: 14/14 MP: 3/3
  1051 | D:2      | Reached XP level 3. HP: 18/18 MP: 4/4
  1253 | D:2      | Reached skill level 6 in Slings
  1314 | D:2      | Found a deep blue altar of Sif Muna.
  1460 | D:2      | Reached XP level 4. HP: 22/22 MP: 5/5
  1521 | D:2      | Noticed Ijyb
  1532 | D:2      | Killed Ijyb
  1720 | D:2      | Found a bloodstained altar of Trog.
  1909 | D:2      | Reached skill level 5 in Dodging
  1909 | D:2      | Reached XP level 5. HP: 25/25 MP: 6/6
  2339 | D:3      | Reached skill level 7 in Slings
  3001 | D:4      | Found Jiecsueg's Assorted Antiques.
  3017 | D:4      | Bought a scroll labeled WAFIFO SOXUMP for 25 gold pieces
  3017 | D:4      | Bought a scroll of identify for 50 gold pieces
  3048 | D:4      | Gained mutation: Your mind is acute. (Int +2) [potion of beneficial mutation]
  3049 | D:4      | Gained mutation: Your muscles are strong. (Str +2) [potion of beneficial mutation]
  3182 | D:4      | Reached XP level 6. HP: 30/30 MP: 7/7
  3343 | D:4      | Found a glowing silver altar of Zin.
  3685 | D:4      | Found a staircase to the Ecumenical Temple.
  3773 | Temple   | Entered the Ecumenical Temple
  3943 | Temple   | Became a worshipper of Gozag Ym Sagoz the Greedy
  3975 | D:4      | Found a radiant altar of Vehumet.
  4181 | D:5      | Entered Level 5 of the Dungeon
  4432 | D:4      | Reached skill level 8 in Slings
  4511 | D:5      | Reached XP level 7. HP: 33/33 MP: 8/8
  4592 | D:5      | Found a blossoming altar of Fedhas.
  4656 | D:4      | Bought a scroll labeled XEYNIA ESARPH for 25 gold pieces
  4656 | D:4      | Bought a scroll labeled BALICA GAPO for 25 gold pieces
  4656 | D:4      | Bought a scroll of teleportation for 75 gold pieces
  5300 | D:5      | Reached skill level 9 in Slings
  5332 | D:5      | Reached XP level 8. HP: 37/37 MP: 9/9
  5403 | D:5      | Reached skill level 10 in Dodging
  5936 | D:5      | Reached skill level 10 in Slings
  6088 | D:5      | Found a snail-covered altar of Cheibriados.
  6332 | D:4      | Bought a lead wand for 100 gold pieces
  7340 | D:6      | Reached XP level 9. HP: 41/41 MP: 10/10
  7364 | D:6      | Found a radiant altar of Vehumet.
  7418 | D:6      | Reached skill level 11 in Slings
  8114 | D:7      | HP: 1/41 [centaur/arrow (5)]
  9216 | D:7      | Reached skill level 12 in Slings
  9800 | D:7      | Found an ancient bone altar of Kikubaaqudgha.
  9900 | D:8      | Noticed Erica
 10147 | D:8      | Bought an embroidered cloak for 121 gold pieces
 10730 | D:8      | Reached XP level 10. HP: 46/46 MP: 11/11
 11612 | D:8      | Killed Erica
 11612 | D:8      | Reached skill level 13 in Slings
 11612 | D:8      | Reached skill level 15 in Dodging
 12368 | D:9      | Found a shimmering altar of Xom.
 12369 | D:9      | Found a shimmering altar of Xom.
 12377 | D:9      | Found a shimmering altar of Xom.
 12378 | D:9      | Found a shimmering altar of Xom.
 12379 | D:9      | Found a shimmering altar of Xom.
 12379 | D:9      | Found a shimmering altar of Xom.
 12381 | D:9      | Found a shimmering altar of Xom.
 12839 | D:8      | Bought a jewelled troll leather armour for 540 gold pieces
 12839 | D:8      | Identified the +4 troll leather armour "Kyuch" {*Confuse rF+ rN+ MR+ Regen+} (You bought it in a shop on level 8 of the Dungeon)
 13025 | D:9      | Reached skill level 14 in Slings
 13276 | D:9      | Found a staircase to the Orcish Mines.
 13380 | D:9      | Found a staircase to the Lair.
 13410 | D:9      | Noticed a moth of wrath
 13853 | D:10     | Entered Level 10 of the Dungeon
 14177 | D:10     | Reached XP level 11. HP: 46/49 MP: 12/12
 14446 | D:10     | Reached skill level 15 in Slings
 14603 | D:10     | Noticed Shenda's ghost (novice DrTm)
 15172 | D:11     | Noticed Harold
 15324 | D:11     | Hired Tegg the naga for 166 gold.
 15328 | D:11     | Killed Harold
 15330 | D:11     | Noticed a hill giant
 15339 | D:11     | Your ally Tegg died
 15367 | D:11     | Killed a hill giant
 15407 | D:11     | Noticed Grum
 15430 | D:11     | Killed Grum
 15889 | D:11     | Found a shadowy altar of Dithmenos.
 15916 | D:11     | Reached skill level 16 in Slings
 16469 | D:12     | Noticed Maurice
 16643 | D:12     | Noticed an eight-headed hydra
 16722 | D:12     | Killed an eight-headed hydra
 16744 | D:12     | Reached skill level 17 in Slings
 16894 | D:12     | Noticed Gastronok
 17013 | D:12     | Killed Gastronok
 17272 | D:12     | Bought a shiny buckler for 162 gold pieces
 17391 | D:12     | Reached skill level 1 in Shields
 17405 | D:12     | Noticed an unseen horror
 17469 | D:12     | Reached XP level 12. HP: 52/53 MP: 13/13
 17833 | D:12     | Killed Maurice
 18282 | D:13     | Noticed a centaur warrior
 18318 | D:13     | Killed a centaur warrior
 18318 | D:13     | Reached skill level 5 in Shields
 18604 | D:13     | Found a glowing golden altar of the Shining One.
 18753 | D:13     | Noticed a centaur warrior
 18780 | D:13     | Killed a centaur warrior
 18783 | D:13     | Noticed a minotaur
 18783 | D:13     | a giant leech changed into a minotaur
 18807 | D:13     | Killed a minotaur
 18981 | D:13     | Found a gate to the Vaults.
 19544 | D:14     | Noticed a centaur warrior
 19580 | D:14     | Slain by a manticore

Skill      XL: |  1  2  3  4  5  6  7  8  9 10 11 12 |
---------------+-------------------------------------+-----
Slings         | 5 6 7 8 9 10 12 14 17 | 17.8
Dodging        | 4 5 6 8 9 11 14 15 | 15.5
Shields        | 2 7 |  7.4
Fighting       | |  1.5
Stealth        | |  1.5

Action                   |  1- 3 |  4- 6 |  7- 9 | 10-12 || total
-------------------------+-------+-------+-------+-------++-------
Melee: Whip              |     5 |     8 |    42 |   206 ||   261
       Dagger            |       |       |    19 |   103 ||   122
       Short sword       |       |       |       |   340 ||   340
 Fire: Hunting sling     |    99 |   233 |   813 |  1077 ||  2222
Throw: Stone             |       |       |       |    29 ||    29
Invok: Call Merchant     |       |       |     1 |     1 ||     2
Evoke: Wand              |       |     1 |     4 |     2 ||     7
       Deck              |       |       |       |     2 ||     2
  Use: Scroll            |     2 |    10 |     8 |    13 ||    33
       Potion            |       |     2 |     3 |     1 ||     6
 Stab: Distracted        |       |       |       |     1 ||     1
       Sleeping          |       |       |       |     4 ||     4
       Invisible         |       |       |       |     5 ||     5
  Eat: Fruit             |       |     5 |     2 |     2 ||     9
       Pizza             |       |     1 |       |     2 ||     3
       Royal jelly       |       |       |     1 |     1 ||     2
Armor: Robe              |     3 |     2 |    24 |     4 ||    33
       Troll leather arm |       |       |       |    69 ||    69
Dodge: Dodged            |    13 |    54 |   409 |   907 ||  1383
Block: Buckler           |       |       |       |   178 ||   178
